 Dungeon Crawl Stone Soup version 0.28-a0-1002-gf00fe891ef (webtiles) character file.

Game seed: 3435522749653622751

194669 emperorscorpion the Eclecticist (level 19, -2/121 HPs)
             Began as a Djinni Hedge Wizard on Dec 6, 2021.
             Was an Elder of Makhleb.
             Killed by an exploding ball lightning (10 damage)
             ... on level 3 of the Elven Halls.
             The game lasted 02:29:16 (27235 turns).

emperorscorpion the Eclecticist (DjWz)             Turns: 27235, Time: 02:29:17

Health: -2/121     AC: 12    Str:  9    XL:     19   Next: 47%
Gold:   1206       EV: 21    Int: 29    God:    Makhleb [****..] SH:  7 Dex: 17

rFire   + + .      SeeInvis .   a - staff of air
rCold   . . .      Faith    .   F - +2 buckler
rNeg    . . .      Spirit   .   f - +2 robe {Archmagi}
rPois   ∞          Reflect  .   D - +2 hat {Int+3}
rElec   +          Harm     .   (no cloak)
rCorr   +          Rampage  .   L - +2 pair of gloves
Will    +....      Archmagi +   (boots unavailable)
Stlth   ++++......              x - amulet of regeneration
HPRegen 1.10/turn               r - ring "Unloth" {EV+4 Int+6}
MPRegen 0.00/turn               B - ring "Dicoim" {rC+ rCorr MP+9}

@: flying, invisible
A: sickness immunity, fire resistance 2, cold vulnerability 1, float, innate
caster, hp casting, extra vitality 1, iridescent scales 1, wild magic 1
a: Renounce Religion, Minor Destruction, Lesser Servant of Makhleb, Major
Destruction


You were on level 3 of the Elven Halls.
You worshipped Makhleb.
Makhleb was greatly pleased with you.
You visited 5 branches of the dungeon, and saw 23 of its levels.
You also visited: Bailey.

You collected 2844 gold pieces.
You spent 1638 gold pieces at shops.

Inventory:

Hand Weapons
 b - the +10 hand axe of the Leaping Goat {vorpal, rElec Int+6}
   (You found it on level 1 of the Lair of Beasts)

   It inflicts extra damage upon your enemies.
   Int:       It affects your intelligence (+6).
   rElec:     It insulates you from electricity.
 U - the +9 arbalest of Karma {speed, rC+}
   (You found it on level 2 of the Lair of Beasts)

   Attacks with this weapon are significantly faster.
   rC:        It protects you from cold.
 W - the +7 dagger of the Chopping Penguin {chaos, Will+}
   (You found it on level 3 of the Lair of Beasts)

   Each time it hits an enemy it has a different, random effect.
   Will:      It increases your willpower.
Missiles
 u - 7 throwing nets
 N - 8 curare-tipped darts (quivered)
 T - 3 atropa-tipped darts
Armour
 f - a +2 robe of the Archmagi (worn)
 q - the +4 skin of Zhor {*Englaciate rC+++ SInv}
   (You found it on level 4 of the Lair of Beasts)

   It radiates cold, occasionally slowing all nearby creatures who are not
   resistant to cold.
   rC:        It renders you almost immune to cold.
   SInv:      It lets you see invisible.
 D - a +2 hat of intelligence (worn)
 F - a +2 buckler (worn)
 L - a +2 pair of gloves (worn)
 P - a +0 helmet of see invisible
Magical Staves
 a - a staff of air (weapon)
 c - a staff of cold
 y - a staff of conjuration
 I - a staff of death
Jewellery
 r - the ring "Unloth" (left hand) {EV+4 Int+6}
   (You took it off a deep elf zephyrmancer on level 3 of the Elven Halls)

   [ring of evasion]

   EV:        It affects your evasion (+4).
   Int:       It affects your intelligence (+6).
 x - an amulet of regeneration (around neck)
 B - the ring "Dicoim" (right hand) {rC+ rCorr MP+9}
   (You took it off a deep elf zephyrmancer on level 3 of the Elven Halls)

   [ring of magical power]

   rC:        It protects you from cold.
   MP:        It affects your magic capacity (+9).
   rCorr:     It protects you from acid and corrosion.
 M - an amulet of reflection
Wands
 O - a wand of digging (14)
Scrolls
 e - 2 scrolls of fog
 h - 10 scrolls of teleportation
 s - a scroll of fear
 z - a scroll of magic mapping
 H - 4 scrolls of enchant weapon
 J - a scroll of blinking
 S - 4 scrolls of immolation
 V - 2 scrolls of identify
Potions
 d - 4 potions of brilliance
 g - a potion of invisibility
 i - 5 potions of flight
 j - 4 potions of magic
 l - a potion of berserk rage
 n - 19 potions of curing
 o - 3 potions of lignification
 t - a potion of resistance
 v - 2 potions of attraction
 w - 2 potions of mutation
 C - 3 potions of haste
 E - a potion of ambrosia
 K - 3 potions of cancellation
 Q - 7 potions of heal wounds
 R - a potion of might
Miscellaneous
 k - a phantom mirror
 m - a box of beasts (inert)
 p - a phantom mirror
 A - a phial of floods
 G - a phantom mirror
 X - a tin of tremorstones (2/2)
 Y - a phantom mirror


   Skills:
 + Level 6.7 Fighting
 - Level 4.1 Short Blades
 + Level 7.1 Axes
 + Level 1.1(3.1) Slings
 + Level 1.2 Bows
 + Level 1.3 Crossbows
 + Level 4.6(4.7) Throwing
 + Level 8.7 Armour
 + Level 9.1 Dodging
 - Level 6.9 Stealth
 + Level 2.8 Shields
 - Level 0.4 Unarmed Combat
 + Level 19.0 Spellcasting
 + Level 2.3 Invocations
 - Level 3.3 Evocations


You had 6 spell levels left.
You knew the following spells:

 Your Spells              Type           Power      Damage    Failure   Level
a - Magic Dart            Conj           100%       1d8       1%          1
b - Mephitic Cloud        Conj/Pois/Air  100%       N/A       1%          3
c - Call Imp              Summ           100%       N/A       1%          2
d - Slow                  Hex            100%       N/A       1%          1
e - Conjure Flame         Conj/Fire      100%       6-21      1%          3
f - Call Canine Familiar  Summ           100%       N/A       1%          3
g - Summon Small Mammal   Summ           100%       N/A       1%          1
h - Static Discharge      Conj/Air       100%       N/A       1%          2
i - Cause Fear            Hex            66%        N/A       1%          4
j - Ice Form              Ice/Tmut       100%       N/A       1%          4
k - Summon Forest         Summ/Tloc      66%        N/A       1%          5
l - Conjure Ball Lightni  Conj/Air       79%        3x3d30    1%          6
m - Summon Cactus Giant   Summ           66%        N/A       1%          6
n - Storm Form            Tmut/Air       79%        N/A       1%          7
B - Blink                 Tloc           100%       N/A       1%          2
Your spell library was empty.

Dungeon Overview and Level Annotations

Branches:
Dungeon (11/15)            Temple (1/1) D:7            Lair (6/6) D:11
 Shoals (0/4) Lair:4       Spider (0/4) Lair:2        Slime (0/5) Lair:5
    Orc (2/2) D:9             Elf (3/3) Orc:2        Bailey (visited)

Altars:
Ashenzari
Cheibriados
Dithmenos
Elyvilon
Fedhas
Gozag
Hepliaklqana
Kikubaaqudgha
Makhleb
Nemelex Xobeh
Okawaru
Qazlal
Ru
Sif Muna
Trog
Uskayaw
Vehumet
Wu Jian
Xom
Yredelemnul
Zin
The Shining One
Beogh

Shops:
D:4 (   D:9 *   Orc:2 :****   Elf:3 !

Portals:
Hell: Lair:6


Innate Abilities, Weirdness & Mutations

You are immune to sickness and miasma.
You are immune to poison.
Your flesh is very heat resistant. (rF++)
You are vulnerable to cold. (rC-)
You float through the air rather than walking.
You learn spells naturally, not from books.
Your magical power is your life essence.
You have superior vitality. (+4 HP)
You are partially covered in iridescent scales. (AC +2)
Your spells are a little harder to cast, but a little more powerful.


Message History

You feel a surge of power!
You blink.
Your ball lightning explodes!
The blast of lightning engulfs you! You resist.
Items here: ( === |.
You see here a book of Sloth.
You see here a +0 helmet of see invisible.
Okay, then.
You see here a +0 helmet of see invisible.
P - a +0 helmet of see invisible The deep elf master archer wields a +0 longbow.
The deep elf master archer shoots an arrow.
The arrow hits you!!!
Unknown command.
Casting: Blink (safe; 1% risk of failure)
Confirm with . or Enter, or press ? or * to list all spells.
You feel a strong surge of power!
You create some ball lightning! 3 ball lightnings come into view.
The deep elf master archer shoots an arrow.
The arrow hits your ball lightning!!
Your ball lightning explodes!
The blast of lightning engulfs you!! You resist.
The blast of lightning engulfs your ball lightning.
Your ball lightning completely resists.
The blast of lightning engulfs your ball lightning.
Your ball lightning completely resists.
The deep elf master archer shoots an arrow.
The arrow hits you!!!
* * * LOW HITPOINT WARNING * * *
Unknown command.
Press: ? - help, v - describe, . - travel
Here: a deep elf master archer, wielding a +0 longbow, wearing a +0 leather armour and quivering arrows (ally target)
The floor.
You fade into invisibility!
The deep elf master archer shoots an arrow.
The arrow hits your ball lightning!!
Your ball lightning explodes!
The blast of lightning engulfs the deep elf master archer!!!
The deep elf master archer is severely wounded.
The blast of lightning engulfs you! You resist.
You die...

<♣.#.##....#....#..##...#'######8
.....#....##....#.##...##.#######
.#.###....#...##..#...##...######
♣### #...##..#........#..⌠..'...#
♣ #.8.#...#.)..)..##....##.... ♣
#...#.8..)..#####....##..[.. ♣
#...#)...)###.##.8.###e)=).. ♣
#.8.'....##.||...e##....##[) ♣
#...#....#)@:|.:.##.....#..) ####
#...#.8.##.*...)[##...##.... #..#
#.8.#...#.)..⌠.)).#..##..... #..#
#...##..##.|.:.))##^.......# #..#
#....#...#)...::)#...).....# ...#
#....##..##.}}/.##...##...## ...#
#.....#...###.###...##....#. ...#
#...#.##..).###....##....##. #..#
#..##..##.).)).)...)..).##..


You could see a deep elf master archer (ally target) and a friendly ball
lightning.

Vanquished Creatures
  A deep elf blademaster (Elf:3)
  A deep elf master archer (Elf:3)
  2 deep elf sorcerers (Elf:3)
  2 deep elf elementalists (Elf:3)
  An orc warlord (Bailey)
  A deep elf demonologist (Elf:3)
  A dire elephant (Lair:6)
  3 deep elf annihilators (Elf:3)
  Josephine (D:10)
  3 deep elf death magi
  2 deep elf high priests (Elf:3)
  Harold (D:8)
  2 hydras (Lair:6)
  A boulder beetle (D:9)
  2 two-headed ogres
  A dancing weapon (Elf:2)
  5 death yaks
  9 deep elf knights
  Urug (D:10)
  4 deep elf archers
  4 orc knights
  2 lindwurms
  Pikel (D:6)
  19 deep elf pyromancers
  A wizard (Lair:6)
  13 deep elf zephyrmancers
  8 orc sorcerers (Orc:2)
  2 ugly things
  3 black mambas
  A torpor snail (Lair:4)
  A smoke demon (Lair:6)
  A kobold demonologist (D:10)
  4 orange demons (Lair:6)
  3 rime drakes (Lair:6)
  5 cane toads
  2 komodo dragons
  2 ice devils (Lair:6)
  A troll (Orc:2)
  2 polar bears
  A hornet (Lair:4)
  15 blink frogs
  Grinder (D:5)
  A dream sheep (Lair:6)
  A wyvern (D:11)
  6 wraiths
  2 basilisks
  28 yaks
  2 fire elementals
  9 wargs
  6 water moccasins
  4 hell hounds (Lair:6)
  A sky beast (D:6)
  27 orc warriors
  2 black bears
  2 necrophages
  7 ogres
  4 wolves
  An ice beast (D:6)
  3 centaurs
  3 lemures
  A kobold brigand (D:11)
  4 bullfrogs
  A gnoll sergeant (D:9)
  A scorpion (D:5)
  2 wyvern skeletons
  A killer bee (D:8)
  3 electric eels (D:8)
  3 wights (D:10)
  4 centaur zombies
  3 hounds
  3 bullfrog zombies
  A bullfrog skeleton (D:7)
  3 centaur skeletons
  10 orc priests
  A jelly (D:7)
  5 iguanas
  35 orc wizards
  A killer bee zombie (D:8)
  2 howler monkey zombies (D:8)
  A howler monkey skeleton (D:4)
  8 adders
  15 gnolls
  3 shadow imps
  A white imp (D:7)
  A worm (D:3)
  3 dart slugs
  78 orcs
  8 ball pythons
  3 endoplasms (D:1)
  3 giant cockroaches
  25 goblins
  22 hobgoblins
  4 jackals (D:1)
  7 quokkas
  7 bats
  4 frilled lizards
  14 kobolds
  6 rats
542 creatures vanquished.

Vanquished Creatures (collateral kills)
  A deep elf blademaster (Elf:3)
  Gastronok (Lair:2)
  2 deep elf sorcerers (Elf:3)
  3 deep elf elementalists (Elf:3)
  2 deep elf demonologists (Elf:3)
  2 deep elf annihilators (Elf:3)
  Snorg (Lair:3)
  2 deep elf death magi (Elf:3)
  4 hydras
  23 dancing weapons
  4 death yaks (Lair:3)
  6 deep elf knights
  A sixfirhy (Lair:6)
  6 deep elf zephyrmancers
  An ugly thing (D:9)
  9 deep elf pyromancers
  2 deep elf archers (Elf:3)
  An oklob plant (Lair:5)
  A merfolk siren (Lair:4)
  4 elephants
  3 black mambas
  A gargoyle (D:11)
  Maggie (Lair:2)
  2 torpor snails
  15 cane toads
  9 rime drakes
  An unseen horror (D:11)
  6 komodo dragons
  3 merfolk (Lair:4)
  A troll (D:11)
  15 blink frogs
  3 dream sheep (Lair:6)
  An air elemental (Elf:3)
  2 wyverns
  2 redbacks (Lair:2)
  36 yaks
  3 basilisks
  A fire elemental (Elf:3)
  5 water moccasins
  4 wolves (Lair:3)
  4 bullfrogs
  3 wights (D:9)
  An orc (D:9)
  A quokka (D:5)
  30 ball lightnings
  A butterfly (Lair:4)
230 creatures vanquished.

Vanquished Creatures (others)
  295 ball lightnings
  A bush (Lair:3)
  66 fungi
  57 plants
  8 snaplasher vines
427 creatures vanquished.

Grand Total: 1199 creatures vanquished

Notes
Turn   | Place    | Note
-------+----------+-------------------------------------------
     0 | D:1      | emperorscorpion the Djinni Hedge Wizard began the quest for
                  | the Orb.
     0 | D:1      | Reached XP level 1. HP: 15/15 MP: 0/0
   244 | D:1      | Reached XP level 2. HP: 8/21 MP: 0/0
   822 | D:1      | Reached skill level 3 in Spellcasting
   883 | D:1      | Reached XP level 3. HP: 21/25 MP: 0/0
   883 | D:1      | Learned a level 1 spell: Summon Small Mammal
  1363 | D:1      | Found a faded altar of an unknown god.
  1857 | D:2      | Reached XP level 4. HP: 8/31 MP: 0/0
  2299 | D:2      | Found an opulent altar of Gozag.
  2594 | D:2      | Reached XP level 5. HP: 32/35 MP: 0/0
  2594 | D:2      | Learned a level 2 spell: Static Discharge
  3775 | D:4      | Reached skill level 4 in Spellcasting
  3918 | D:4      | Reached XP level 6. HP: 20/40 MP: 0/0
  4153 | D:4      | Found Geuggehoah's Weapon Shop.
  4646 | D:5      | Entered Level 5 of the Dungeon
  4669 | D:5      | Noticed an ogre
  4681 | D:5      | Killed an ogre
  4895 | D:5      | Noticed an ogre
  4896 | D:5      | Noticed a necrophage
  4902 | D:5      | Noticed Grinder
  4903 | D:5      | Killed an ogre
  4904 | D:5      | Reached XP level 7. HP: 38/45 MP: 0/0
  4904 | D:5      | Learned a level 3 spell: Call Canine Familiar
  5265 | D:5      | Reached skill level 5 in Spellcasting
  5937 | D:5      | Reached XP level 8. HP: 31/51 MP: 0/0
  6145 | D:5      | Killed Grinder
  6146 | D:5      | Reached skill level 6 in Spellcasting
  7421 | D:6      | Reached skill level 1 in Fighting
  7439 | D:6      | Reached skill level 1 in Short Blades
  8030 | D:6      | Noticed Pikel
  8059 | D:6      | Killed Pikel
  8060 | D:6      | Reached skill level 1 in Throwing
  8060 | D:6      | Reached skill level 7 in Spellcasting
  8060 | D:6      | Reached XP level 9. HP: 41/58 MP: 0/0
  8060 | D:6      | Learned a level 4 spell: Cause Fear
  8304 | D:6      | Reached skill level 5 in Stealth
  8951 | D:7      | Reached skill level 1 in Evocations
  9018 | D:7      | Found a staircase to the Ecumenical Temple.
  9027 | Temple   | Entered the Ecumenical Temple
  9439 | D:7      | Identified the +0 plate armour of Noon {+Blink}
 10238 | D:8      | Reached XP level 10. HP: 47/65 MP: 0/0
 10283 | D:8      | Reached skill level 8 in Spellcasting
 10483 | D:8      | Noticed Harold
 10551 | D:8      | Killed Harold
 10663 | D:8      | Found a sparkling altar of Nemelex Xobeh.
 10903 | D:8      | Reached skill level 9 in Spellcasting
 11032 | D:9      | Noticed a two-headed ogre
 11137 | D:9      | Noticed a green ugly thing
 11162 | D:9      | Killed a green ugly thing
 11167 | D:9      | Killed a two-headed ogre
 11168 | D:9      | Reached XP level 11. HP: 64/70 MP: 0/0
 11168 | D:9      | Learned a level 4 spell: Ice Form
 11421 | D:9      | Found a bloodstained altar of Trog.
 11476 | D:9      | Noticed a five-headed hydra
 11484 | D:9      | Found Yprinenogo's General Store.
 11486 | D:9      | Killed a five-headed hydra
 11487 | D:9      | Reached skill level 10 in Spellcasting
 11488 | D:9      | Noticed a boulder beetle
 11507 | D:9      | Killed a boulder beetle
 11508 | D:9      | Noticed a red ugly thing
 11530 | D:9      | Killed a red ugly thing
 11681 | D:9      | Found a staircase to the Orcish Mines.
 11770 | D:10     | Entered Level 10 of the Dungeon
 11984 | D:10     | Noticed a deep elf pyromancer
 11994 | D:10     | Killed a deep elf pyromancer
 12001 | D:10     | Noticed Josephine
 12013 | D:10     | Killed Josephine
 12145 | D:10     | Reached skill level 11 in Spellcasting
 12248 | D:10     | Noticed a deep elf pyromancer
 12254 | D:10     | Killed a deep elf pyromancer
 12499 | D:10     | Reached XP level 12. HP: 62/76 MP: 0/0
 12530 | D:10     | Noticed Urug
 12545 | D:10     | Killed Urug
 12546 | D:10     | Reached skill level 5 in Dodging
 13174 | D:11     | Found a staircase to the Lair.
 13573 | D:11     | Gained mutation: You are frail. (-10% HP) [potion of
                  | mutation]
 13573 | D:11     | Gained mutation: You possess an exceptional clarity of
                  | mind. [potion of mutation]
 13574 | D:11     | Lost mutation: You possess an exceptional clarity of mind.
                  | [potion of mutation]
 13574 | D:11     | Gained mutation: You are strong-willed. (Will+) [potion of
                  | mutation]
 13575 | D:11     | Lost mutation: You are strong-willed. (Will+) [potion of
                  | mutation]
 13575 | D:11     | Lost mutation: You are frail. (-10% HP) [potion of
                  | mutation]
 13575 | D:11     | Gained mutation: You are partially covered in iridescent
                  | scales. (AC +2) [potion of mutation]
 13575 | D:11     | Gained mutation: Your spells are a little harder to cast,
                  | but a little more powerful. [potion of mutation]
 13612 | Lair:1   | Entered Level 1 of the Lair of Beasts
 13675 | Lair:1   | Reached skill level 12 in Spellcasting
 13900 | Lair:1   | Identified the +10 hand axe of the Leaping Goat {vorpal,
                  | rElec Int+6}
 14553 | Lair:2   | Reached skill level 1 in Armour
 14646 | Lair:2   | Reached skill level 1 in Axes
 14646 | Lair:2   | Reached XP level 13. HP: 85/85 MP: 0/0
 14646 | Lair:2   | Learned a level 5 spell: Summon Forest
 14700 | Lair:2   | Noticed Gastronok
 14711 | Lair:2   | Killed Gastronok
 14881 | Lair:2   | Noticed Maggie
 14889 | Lair:2   | Killed Maggie
 14893 | Lair:2   | Identified the +9 arbalest of Karma {speed, rC+}
 14989 | Lair:2   | Found a hole to the Spider Nest.
 15030 | Lair:2   | Reached skill level 13 in Spellcasting
 15082 | Lair:2   | Reached skill level 5 in Fighting
 15437 | Lair:3   | Noticed Snorg
 15451 | Lair:3   | Killed Snorg
 15552 | Lair:3   | Identified the +7 dagger of the Chopping Penguin {chaos,
                  | Will+}
 15889 | Lair:3   | Reached skill level 5 in Armour
 15889 | Lair:3   | Reached XP level 14. HP: 69/92 MP: 0/0
 16759 | Lair:4   | Found a staircase to the Shoals.
 16793 | Lair:4   | Found the +4 skin of Zhor {*Englaciate rC+++ SInv}
 17535 | Lair:5   | Found a staircase to the Slime Pits.
 17549 | Lair:5   | Reached skill level 5 in Axes
 17619 | Lair:5   | Reached skill level 14 in Spellcasting
 18396 | Lair:6   | Entered Level 6 of the Lair of Beasts
 18622 | Lair:6   | Reached XP level 15. HP: 56/98 MP: 0/0
 18622 | Lair:6   | Learned a level 6 spell: Conjure Ball Lightning
 19327 | Lair:6   | Found a burning altar of Makhleb.
 19347 | Lair:6   | Found a gateway to Hell.
 19970 | Orc:1    | Entered Level 1 of the Orcish Mines
 20004 | Orc:1    | Reached skill level 15 in Spellcasting
 20028 | Orc:1    | Found a flagged portal.
 20034 | Bailey   | Entered a bailey
 20220 | Bailey   | Noticed an orc warlord
 20226 | Bailey   | Killed an orc warlord
 20396 | Bailey   | Reached skill level 1 in Slings
 20396 | Bailey   | Reached skill level 1 in Shields
 20396 | Bailey   | Reached skill level 1 in Invocations
 20396 | Bailey   | Reached XP level 16. HP: 104/104 MP: 0/0
 21645 | Orc:2    | Entered Level 2 of the Orcish Mines
 21998 | Temple   | Became a worshipper of Makhleb the Destroyer
 22323 | Orc:2    | Reached * piety under Makhleb
 22452 | Orc:2    | Found Jyiris's General Store.
 22452 | Orc:2    | Found Urarphij's Assorted Antiques.
 22468 | Orc:2    | Bought a scroll of blinking for 142 gold pieces
 22468 | Orc:2    | Bought a potion of curing for 57 gold pieces
 22468 | Orc:2    | Bought a fuming purple potion for 17 gold pieces
 22468 | Orc:2    | Bought a scroll of teleportation for 57 gold pieces
 22522 | Orc:2    | Found Qarghocy's Assorted Antiques.
 22522 | Orc:2    | Found Ninoas's Assorted Antiques.
 22528 | Orc:2    | Bought a yellow potion for 30 gold pieces
 22528 | Orc:2    | Bought a potion of heal wounds for 170 gold pieces
 22528 | Orc:2    | Bought a potion of curing for 102 gold pieces
 22528 | Orc:2    | Bought a scroll of identify for 68 gold pieces
 22528 | Orc:2    | Bought a scroll of identify for 68 gold pieces
 22528 | Orc:2    | Bought a scroll of enchant armour for 255 gold pieces
 22541 | Orc:2    | Bought a scroll of identify for 64 gold pieces
 22541 | Orc:2    | Bought a buzzing hand crossbow for 272 gold pieces
 22541 | Orc:2    | Identified the +7 hand crossbow of the Boiling Point {elec,
                  | Fragile +Blink Str+2 Dex+7} (You bought it in a shop on
                  | level 2 of the Orcish Mines)
 22541 | Orc:2    | Bought a bronze wand for 128 gold pieces
 22551 | Orc:2    | Found a staircase to the Elven Halls.
 22752 | Orc:2    | Found Onuily Enka's Book Emporium.
 23107 | Elf:1    | Entered Level 1 of the Elven Halls
 23129 | Elf:1    | Reached skill level 16 in Spellcasting
 23443 | Elf:1    | Reached XP level 17. HP: 90/109 MP: 0/0
 23443 | Elf:1    | Learned a level 6 spell: Summon Cactus Giant
 23495 | Elf:1    | Reached ** piety under Makhleb
 24651 | Elf:2    | Found a runed translucent gate.
 24651 | Elf:2    | Found a runed translucent gate.
 24651 | Elf:2    | Found a runed translucent gate.
 24731 | Elf:2    | Reached skill level 17 in Spellcasting
 24832 | Elf:2    | Reached *** piety under Makhleb
 25242 | Elf:3    | Entered Level 3 of the Elven Halls
 25291 | Elf:3    | Found Sapot's Distillery.
 25294 | Elf:3    | Bought 2 potions of curing for 78 gold pieces
 25294 | Elf:3    | Bought a potion of heal wounds for 65 gold pieces
 25294 | Elf:3    | Bought a potion of heal wounds for 65 gold pieces
 25686 | Elf:3    | Paralysed by an air elemental for 1 turns
 25700 | Elf:3    | Reached skill level 1 in Bows
 25700 | Elf:3    | Reached skill level 1 in Crossbows
 25700 | Elf:3    | Reached XP level 18. HP: 52/116 MP: 0/0
 25709 | Elf:3    | Reached skill level 18 in Spellcasting
 25960 | Elf:3    | Reached XP level 19. HP: 119/121 MP: 0/0
 25960 | Elf:3    | Learned a level 7 spell: Storm Form
 25960 | Elf:3    | Identified the +8 halberd "Zewadghemp" {freeze, rPois
                  | Will++ Str-5 SInv}
 25960 | Elf:3    | Identified the ring "Unloth" {EV+4 Int+6}
 26278 | Elf:3    | Identified the ring "Dicoim" {rC+ rCorr MP+9}
 26280 | Elf:3    | Identified the +0 robe of the Ten Ziggurats {rF+ Dex+3}
 26289 | Elf:3    | Reached **** piety under Makhleb
 26363 | Elf:3    | Identified the ring of Yssir {Str-5 Dex+6 Slay+4}
 26477 | Elf:3    | Noticed a deep elf blademaster
 26486 | Elf:3    | Killed a deep elf blademaster
 26623 | Elf:3    | Noticed a deep elf blademaster
 26896 | Elf:3    | Killed a deep elf blademaster
 26954 | Elf:3    | Identified the +9 plate armour of Japhehuh {rC+ Str-3 SInv}
 27058 | Elf:3    | Identified the +1 hunting sling "Bupp" {vorpal, Str+4}
 27144 | Elf:3    | Reached skill level 19 in Spellcasting
 27235 | Elf:3    | Killed by an exploding ball lightning

Illustrated notes

Levels and vault maps discovered:
D:1:      minmay_arrival_open_corners, layout_rooms,
          hellmonk_ecumenical_altar_inner_sanctum
D:2:      layout_loops_ring, basic_altar
D:3:      layout_rooms
D:4:      layout_basic, serial_shops, nicolae_shop_behind_doors
D:5:      layout_layer_cave, minmay_checkerbox, uniq_grinder
D:6:      layout_loops_ring, uniq_pikel
D:7:      layout_rooms, minmay_temple_entry_drinking_statues
D:8:      layout_basic, nemelex_xobeh_ov_fountains_minmay,
          amcnicky_mini_pool_medium, uniq_harold
D:9:      minmay_cornered_nines, layout_cave_pools,
          mainiacjoe_overflow_brackets, orc_0_dummy, serial_shops, shop
D:10:     layout_irregular_city, uniq_urug, uniq_josephine
D:11:     layout_loops_corners, david_lair_generic
Temple:   mainiacjoe_temple_cubbyholes
Lair:1:   layout_regular_city
Lair:2:   layout_regular_city, spider_nest_entry_webs, lemuel_fruit_tree,
          uniq_gastronok, uniq_maggie
Lair:3:   layout_hall_layers, uniq_snorg
Lair:4:   layout_loops_ring, elwin_shoals_entry_stream,
          hellmonk_guarded_unrand_zhor, lemuel_fruit_fields
Lair:5:   layout_cave_pods, minmay_slime_entry_oklob_enclosed,
          serial_bayou_shore_b
Lair:6:   evil_forest, layout_small_grid, wad_woods_road_04
Orc:1:    nicolae_orc_accident_2, layout_caves, enter_bailey_3
Orc:2:    st_orc_town, layout_diamond_mine, serial_shops, shop_statue
Elf:1:    minmay_elf_arrival_plus, layout_geoelf_octagon,
          hangedman_elven_crosses_minicolossus
Elf:2:    nicolae_elf_blades_splatter_lattice [mumra_blade_entry_dagger],
          layout_loops_ring, serial_aquarium, aquarium_bridge_square
          [aquarium_subvault_wall, aquarium_subvault_wall,
          aquarium_subvault_wall, aquarium_subvault_bridge],
          aquarium_window_fake, aquarium_window_fake, aquarium_window_corner,
          aquarium_window_1, aquarium_view_2f, nicolae_elf_big_sculpture_2
Elf:3:    minmay_elf_hall_statues, layout_geoelf_octagon, serial_shops, shop,
          chequers_hall_statues_y, hangedman_glass_teeth, st_stairs_13

Skill      XL: |  1  2  3  4  5  6  7  8  9 10 11 12 13 14 15 16 17 18 19 |
---------------+----------------------------------------------------------+-----
Spellcasting   | 3 4 5 7 9 11 12 13 14 15 16 17 18 19 | 19.0
Stealth        | 2 3 4 5 6 |  6.9
Dodging        | 3 4 6 7 8 9 |  9.1
Fighting       | 1 2 3 4 5 6 |  6.7
Short Blades   | 1 2 3 4 |  4.1
Throwing       | 1 2 3 4 |  4.6
Evocations     | 1 2 3 |  3.3
Armour         | 1 5 7 8 |  8.7
Axes           | 1 3 6 7 |  7.1
Slings         | 1 |  1.1
Shields        | 1 2 |  2.8
Invocations    | 1 2 |  2.3
Bows           | 1 |  1.2
Crossbows      | 1 |  1.3
Unarmed Combat | |  0.4

Action                   |  1- 3 |  4- 6 |  7- 9 | 10-12 | 13-15 | 16-18 | 19-21 || total
-------------------------+-------+-------+-------+-------+-------+-------+-------++-------
Melee: Dagger            |     2 |     7 |    53 |    88 |       |       |       ||   150
       Hand axe          |       |       |       |    38 |   136 |     6 |     7 ||   187
       Unarmed           |       |       |       |    16 |       |       |       ||    16
Throw: Dart              |       |       |    14 |    34 |     7 |       |       ||    55
 Cast: Magic Dart        |    96 |    96 |   159 |   150 |     9 |     4 |     2 ||   516
       Mephitic Cloud    |     1 |     2 |    29 |    33 |    33 |       |     2 ||   100
       Static Discharge  |       |     3 |    22 |    20 |       |       |       ||    45
       Conjure Flame     |       |     2 |    13 |     6 |       |       |       ||    21
       Call Imp          |       |     1 |       |    12 |     4 |       |       ||    17
       Blink             |       |       |     4 |    14 |     3 |    34 |    11 ||    66
       Call Canine Famil |       |       |       |    22 |    17 |     3 |     2 ||    44
       Summon Small Mamm |       |       |       |     2 |       |       |       ||     2
       Slow              |       |       |       |     3 |     2 |       |       ||     5
       Ice Form          |       |       |       |     1 |       |       |       ||     1
       Summon Forest     |       |       |       |       |    29 |    15 |     6 ||    50
       Cause Fear        |       |       |       |       |     1 |       |       ||     1
       Conjure Ball Ligh |       |       |       |       |    59 |    98 |    27 ||   184
       Summon Cactus Gia |       |       |       |       |       |    14 |     6 ||    20
       Storm Form        |       |       |       |       |       |       |     1 ||     1
 Abil: End Transformatio |       |       |       |       |       |       |     1 ||     1
Evoke: Wand              |       |       |    11 |    10 |     2 |     1 |       ||    24
       Box of beasts     |       |       |       |       |       |       |     1 ||     1
  Use: Scroll            |       |    11 |     5 |     9 |     3 |     7 |     3 ||    38
       Potion            |       |     2 |       |     3 |     1 |     3 |     3 ||    12
 Stab: Confused          |     1 |       |     8 |     9 |     9 |       |       ||    27
       Sleeping          |       |       |       |     4 |     2 |       |       ||     6
       Distracted        |       |       |       |     2 |     4 |       |       ||     6
Armor: Robe              |     4 |     6 |    10 |    36 |    42 |     3 |     1 ||   102
       Skin              |       |     8 |       |     6 |       |       |       ||    14
       Plate armour      |       |       |       |    11 |       |       |       ||    11
Dodge: Dodged            |     3 |     7 |    57 |    99 |    72 |    11 |     8 ||   257
Block: Buckler           |       |       |       |       |       |     7 |     4 ||    11

Table legend: (Time is in decaauts)
 A = Elapsed time spent in this place.
 B = Non-inter-level travel time spent in this place.
 C = Inter-level travel time spent in this place.
 D = Time resting spent in this place.
 E = Time spent auto-exploring this place.
 F = Levels seen in this place.
 G = Mean time per level.
                   A        B        C        D        E       F      G
               +--------+--------+--------+--------+--------+-----+--------+
         Total |  27285 |  25078 |   2207 |   1119 |  19120 |  24 | 1136.9 |
       Dungeon |  13736 |  12478 |   1258 |    965 |   9756 |  11 | 1248.7 |
        Temple |    435 |    297 |    138 |      0 |    288 |   1 |  435.0 |
          Lair |   6307 |   6028 |    279 |      0 |   4754 |   6 | 1051.2 |
  Orcish Mines |   2075 |   1928 |    147 |     40 |   1321 |   2 | 1037.5 |
   Elven Halls |   4145 |   3763 |    382 |     83 |   2749 |   3 | 1381.7 |
        Bailey |    585 |    585 |      0 |     31 |    251 |   1 |  585.0 |
               +--------+--------+--------+--------+--------+-----+--------+

Top non-repeatable levels by time:
     D:5: 2289 daAuts
   Elf:3: 1958 daAuts
     D:1: 1732 daAuts
     D:6: 1434 daAuts
  Lair:6: 1394 daAuts
     D:4: 1386 daAuts
   Elf:2: 1340 daAuts
     D:2: 1222 daAuts
   Orc:2: 1182 daAuts
    D:11: 1157 daAuts
  Lair:5: 1023 daAuts
  Lair:4: 1015 daAuts
     D:8: 1007 daAuts
  Lair:3: 977 daAuts
  Lair:1: 959 daAuts
